 Dungeon Crawl Stone Soup version 0.31-a0-968-g24f9ace8b5 (webtiles) character file.

Game seed: 11118200123461404009

520 drugrobin the Ruffian (level 6, -2/50 HPs)
             Began as a Demigod Delver on Oct 28, 2023.
             Slain by an ogre
             ... wielding a +0 giant club
              (29 damage)
             ... on level 5 of the Dungeon.
             The game lasted 00:10:10 (4435 turns).

drugrobin the Ruffian (Demigod Delver)              Turns: 4435, Time: 00:10:11

Health: -2/50      AC:  7    Str: 21    XL:     6   Next: 69%
Magic:  0/8        EV: 16    Int: 12    God:
Gold:   162        SH:  0    Dex: 15    Spells: 4/5 levels left

rFire   . .          .
                       - Unarmed
rCold   . . .        (no shield)
rNeg    . . .        o - +0 ring mail
rPois   .            d - +2 hat
rElec   .            (no cloak)
rCorr   .            (no gloves)
SInv    .            (no boots)
Will    .....        u - amulet of guardian spirit
Stlth   ++           i - +5 ring of evasion
HPRegen 0.28/turn    (no ring)
MPRegen 0.11/turn

%: guardian spirit
@: no status effects
A: high MP 1, forlorn, divine attributes
a: no special abilities


You were on level 5 of the Dungeon.
You visited 2 branches of the dungeon, and saw 6 of its levels.

You collected 162 gold pieces.

Inventory:

Hand Weapons
 b - a +0 sling
 z - a +2 war axe of flaming
Missiles
 k - 6 silver javelins
 y - 2 poisoned darts
Armour
 a - a +0 leather armour
 d - a +2 hat (worn)
 o - a +0 ring mail (worn)
Jewellery
 i - a +5 ring of evasion (left hand)
 p - a ring of fire
 u - an amulet of guardian spirit (around neck)
Talismans
 v - a flux talisman
 w - a beast talisman
Wands
 f - a wand of digging (3)
Scrolls
 c - a scroll of revelation
 l - 2 scrolls of fog
 n - a scroll of summoning {unknown}
 s - a scroll of amnesia {unknown}
 t - a scroll of blinking {unknown}
 x - a scroll of acquirement {unknown}
 A - a scroll of identify {unknown}
 B - a scroll of teleportation {unknown}
Potions
 e - 2 potions of haste
 g - 4 potions of enlightenment {unknown}
 h - 2 potions of mutation {unknown}
 j - a potion of magic {unknown}
 m - 3 potions of curing {unknown}
 q - 2 potions of berserk rage {unknown}
 r - a potion of resistance {unknown}


   Skills:
 - Level 2.6 Fighting
 - Level 1.7 Dodging
 - Level 4.5 Stealth
 * Level 6.3 Unarmed Combat
 + Level 2.4 Shapeshifting


You had 4 spell levels left.
You knew the following spells:

 Your Spells              Type           Power      Damage    Failure   Level
a - Summon Small Mammal   Summ           0%         N/A       50%         1

Your spell library contained the following spells:

 Spells                   Type           Power      Damage    Failure   Level
 Call Canine Familiar     Summ           0%         N/A       86%         3
 Summon Guardian Golem    Hex/Summ       0%         N/A       86%         3


Dungeon Overview and Level Annotations

Branches:
Dungeon (5/15)             Temple (1/1) D:4

Shops:
D:2 [

Annotations:
D:4 1 runed translucent door, Crazy Yiuf, Ijyb, Menkaure


Innate Abilities, Weirdness & Mutations

You have an increased reservoir of magic. (+10% MP)
You shall have no god before yourself.
Your divine heritage dramatically boosts your attributes as you level up.


Message History

The orc barely misses you.
An orc comes into view. It is wielding a +0 dagger.
You barely miss the orc.
The orc is heavily wounded.
The orc closely misses you.
The orc shouts!
You hit the orc. You punch the orc.
You kill the orc!
You hit the orc.
The orc is moderately wounded.
The orc closely misses you.
You closely miss the orc.
The orc is moderately wounded.
The orc hits you but does no damage.
You punch the orc!
You kill the orc!
Okay, then.
You hit the ogre.
The ogre is moderately wounded.
The ogre completely misses you.
You hit the ogre.
The ogre is moderately wounded.
You hit the ogre.
The ogre is moderately wounded.
The ogre completely misses you.
You hit the ogre but do no damage.
The ogre is moderately wounded.
You punch the ogre!
The ogre is severely wounded.
The ogre hits you with a +0 giant club!!
You hit the ogre but do no damage.
The ogre is severely wounded.
The ogre barely misses you.
You hit the ogre.
The ogre is severely wounded.
You hit the ogre.
The ogre is almost dead.
The ogre hits you with a +0 giant club!!
Ouch! That really hurt!
You die...

#.## ##.##### #
#..## #......# #
##..#
#......#######
##.#
#.............
#.###
#......#######
#...## #......##
#.#..#
#.......######
#.##.#
#.............
..(#@#
#.............
....#O#
####..........
....(#o>
###........
...♣..#...
#......<.
...)_..#....
#..#..... #.....
#...#.....
#..........##.....
#.......##.##.....
..# #.##.....


You could see an ogre and an orc.

Vanquished Creatures
  An ice beast (D:5)
  An ogre (D:5)
  2 scorpions (D:5)
  A hound (D:5)
  A sleepcap (D:4)
  2 iguanas
  3 adders
  2 white imps (D:5)
  A worm (D:2)
  9 orcs
  6 ball pythons
  3 endoplasms
  A giant cockroach (D:1)
  4 goblins
  8 hobgoblins
  6 quokkas
  3 bats
  6 kobolds
  6 rats
66 creatures vanquished.

Notes
Turn   | Place    | Note
-------+----------+-------------------------------------------
     0 | D:5      | drugrobin the Demigod Delver began the quest for the Orb.
     0 | D:5      | Reached XP level 1. HP: 18/18 MP: 3/3
     2 | D:5      | Noticed an ogre
    20 | D:5      | Reached skill level 2 in Unarmed Combat
    68 | D:5      | Noticed a hound
   114 | D:4      | Noticed a sleepcap
   144 | D:4      | Found a staircase to the Ecumenical Temple.
   153 | Temple   | Entered the Ecumenical Temple
   278 | D:4      | Noticed an iguana
   392 | D:4      | Found a runed translucent door.
   393 | D:4      | Noticed Crazy Yiuf
   566 | D:4      | Noticed Menkaure
   628 | D:2      | Reached XP level 2. HP: 23/25 MP: 4/4
   915 | D:1      | Reached skill level 3 in Unarmed Combat
  1729 | D:2      | Reached XP level 3. HP: 28/30 MP: 5/5
  1762 | D:2      | Found Fyruep's Antique Armour Shoppe.
  1953 | D:2      | Learned a level 1 spell: Summon Small Mammal
  2564 | D:3      | Reached skill level 4 in Unarmed Combat
  3062 | D:4      | Noticed Ijyb
  3080 | D:3      | Reached XP level 4. HP: 26/37 MP: 3/6
  3886 | D:5      | Noticed an ice beast
  3944 | D:4      | Reached XP level 5. HP: 42/42 MP: 7/7
  3969 | D:5      | Noticed an ogre
  4003 | D:5      | Killed an ogre
  4004 | D:5      | Reached skill level 5 in Unarmed Combat
  4004 | D:5      | Reached skill level 1 in Shapeshifting
  4157 | D:5      | Reached XP level 6. HP: 50/50 MP: 8/8
  4210 | D:5      | Reached skill level 6 in Unarmed Combat
  4435 | D:5      | Slain by an ogre

Illustrated notes

Levels and vault maps discovered:
D:1:      dpeg_arrival_rooms_b, layout_basic, nrook_uturn
D:2:      layout_loops_ring, serial_shops, shop, ebering_ecumenical_altar_ruins
D:3:      layout_loops_corners
D:4:      layout_loops_ring, mainiacjoe_overflow_tiny_flanked,
          minmay_temple_entry_gardened_gates, uniq_menkaure,
          uniq_crazy_yiuf_cottage, uniq_ijyb
D:5:      layout_rooms, ashenzari_altar_1, nzn_wu_jian_contemplation,
          roderic_roman_lattice
Temple:   minmay_temple_curvy_loop

Skill      XL: |  1  2  3  4  5  6 |
---------------+-------------------+-----
Unarmed Combat | 2 3 4 5 6 |  6.3
Shapeshifting  | 1 2 |  2.4
Fighting       | |  2.6
Dodging        | |  1.7
Stealth        | |  4.5

Action                     |  1- 3 |  4- 6 || total
---------------------------+-------+-------++-------
  Melee: Unarmed           |   166 |   115 ||   281
         Punch             |     4 |     5 ||     9
   Fire: Sling             |    15 |     2 ||    17
  Throw: Javelin           |       |    11 ||    11
         Dart              |       |     1 ||     1
   Cast: Summon Small Mamm |     1 |       ||     1
    Use: Scroll            |       |     1 ||     1
   Stab: Sleeping          |     6 |     1 ||     7
 Armour: Leather armour    |    42 |       ||    42
         Ring mail         |    17 |    35 ||    52
  Dodge: Dodged            |   108 |    68 ||   176

Table legend: (Time is in decaauts)
 A = Elapsed time spent in this place.
 B = Non-inter-level travel time spent in this place.
 C = Inter-level travel time spent in this place.
 D = Time resting spent in this place.
 E = Time spent auto-exploring this place.
 F = Levels seen in this place.
 G = Mean time per level.
                   A        B        C        D        E       F      G
               +--------+--------+--------+--------+--------+-----+--------+
         Total |   4425 |   4265 |    160 |    175 |   2970 |   6 |  737.5 |
       Dungeon |   4423 |   4263 |    160 |    175 |   2970 |   5 |  884.6 |
        Temple |      1 |      1 |      0 |      0 |      0 |   1 |    1.0 |
               +--------+--------+--------+--------+--------+-----+--------+

Top non-repeatable levels by time:
     D:4: 1327 daAuts
     D:1: 946 daAuts
     D:3: 943 daAuts
     D:2: 617 daAuts
     D:5: 588 daAuts
  Temple: 1 daAuts
